 Dungeon Crawl Stone Soup version 0.20-b1-24-gb21faa7 (webtiles) character file.

105 Iflex the Poker (level 4, 0/34 HPs)
             Began as a Merfolk Gladiator on May 25, 2017.
             Killed from afar by Terence (10 damage)
             ... with a wand of flame (?/48)
             ... on level 2 of the Dungeon.
             The game lasted 00:02:37 (1768 turns).

Iflex the Poker (Merfolk Gladiator)                 Turns: 1768, Time: 00:02:38

Health: 0/34       AC:  4    Str: 14    XL:     4   Next: 81%
Magic:  4/4        EV: 14    Int:  7    God:
Gold:   54         SH:  0    Dex: 16    Spells: 3/3 levels left

rFire    . . .     SeeInvis .   a - +0 trident
rCold    . . .     Gourm    .   (no shield)
rNeg     . . .     Faith    .   b - +0 leather armour
rPois    .         Spirit   .   c - +0 helmet
rElec    .         Reflect  .   (no cloak)
rCorr    .         Harm     .   (no gloves)
MR       .....                  (no boots)
Stlth    +.........             (no amulet)
Regen    0.2/turn               (no ring)
MPRegen  0.1/turn               (no ring)

@: no status effects
A: change form in water, swift swim, stealthy swim
a: no special abilities


You were on level 2 of the Dungeon.
You were hungry.

You visited 1 branch of the dungeon, and saw 2 of its levels.

You collected 54 gold pieces.

Inventory:

Hand Weapons
 a - a +0 trident (weapon)
Missiles
 d - a throwing net (quivered)
Armour
 b - a +0 leather armour (worn)
 c - a +0 helmet (worn)
Jewellery
 p - an uncursed ring of poison resistance {unknown}
Scrolls
 g - a scroll of immolation {unknown}
 h - 3 scrolls of identify {unknown}
 i - 3 scrolls of magic mapping {unknown}
 j - 3 scrolls of teleportation {unknown}
 l - a scroll of blinking {unknown}
 m - a scroll of recharging {unknown}
 q - a scroll of random uselessness {unknown}
Potions
 e - 3 potions of curing {unknown}
 k - a potion of brilliance {unknown}
 n - a potion of heal wounds {unknown}
 o - a potion of flight {unknown}
Comestibles
 f - 2 bread rations


   Skills:
 + Level 2.7 Fighting
 + Level 6.2 Polearms
 + Level 2.0 Throwing
 + Level 1.2 Armour
 + Level 4.5 Dodging


You had 3 spell levels left.
You didn't know any spells.

Dungeon Overview and Level Annotations

Branches:
Dungeon (2/15)

Altars:
Fedhas

Annotations:
D:2 Terence


Message History

Aim: Terence, wielding a short sword, wearing a scale mail and carrying a wand of flame (?/48) {zapped: 6} (heavily wounded, entangled in a net)
You reach to attack!
You hit Terence.
Terence is severely wounded.
Terence zaps a wand.
The puff of flame hits you!
* * * LOW HITPOINT WARNING * * *
Terence struggles against the net.
Attack whom?
Press: ? - help, Dir - move target cursor, f/p - Terence
Aim: Terence, wielding a short sword, wearing a scale mail and carrying a wand of flame (?/48) {zapped: 7} (severely wounded, entangled in a net)
You reach to attack!
You catch the helpless Terence completely off-guard!
You hit Terence but do no damage.
Terence is severely wounded.
Attack whom?
Press: ? - help, Dir - move target cursor, f/p - Terence
Aim: Terence, wielding a short sword, wearing a scale mail and carrying a wand of flame (?/48) {zapped: 7} (severely wounded, entangled in a net)
You reach to attack!
You hit Terence.
Terence is almost dead.
Terence zaps a wand.
The puff of flame hits you!
You die...

#.# #.#
#.########.#
#.#
#..........#
#.#
##..#########
#.# #...# #.#
#.#.# #.#
#.#.# #@#
#.#.# #.#
#.#.# ##@##
#.#.# #...#
#.#.# #...#
#.#.# #...#
..#.# ###.#
.##.# #)#
....# #.#
.#### #.# ##
#.#


You could see Terence (caught).

Vanquished Creatures
  Jessica (D:2)
  3 adders (D:2)
  An ooze (D:1)
  A worm (D:2)
  A leopard gecko (D:1)
  2 ball pythons
  2 giant cockroaches
  4 goblins
  8 hobgoblins
  3 jackals (D:1)
  5 kobolds
  7 frilled lizards
  2 rats
40 creatures vanquished.

Notes
Turn   | Place    | Note
-------+----------+-------------------------------------------
     0 | D:1      | Iflex the Merfolk Gladiator began the quest for the Orb.
     0 | D:1      | Reached XP level 1. HP: 16/16 MP: 1/1
   419 | D:1      | Reached XP level 2. HP: 23/23 MP: 2/2
   791 | D:1      | Reached skill level 5 in Polearms
   865 | D:1      | Reached XP level 3. HP: 26/28 MP: 3/3
  1435 | D:2      | Noticed Jessica
  1453 | D:2      | Killed Jessica
  1453 | D:2      | Reached skill level 6 in Polearms
  1453 | D:2      | Reached skill level 1 in Armour
  1453 | D:2      | Reached XP level 4. HP: 31/34 MP: 4/4
  1641 | D:2      | Found a blossoming altar of Fedhas.
  1751 | D:2      | Noticed Terence
  1768 | D:2      | Killed from afar by Terence

Skill      XL: |  1  2  3 |
---------------+----------+-----
Polearms       | 5 6 |  6.2
Armour         | 1 |  1.2
Fighting       | |  2.7
Throwing       | |  2.0
Dodging        | |  4.5

Action                   |  1- 3 |  4- 6 || total
-------------------------+-------+-------++-------
Melee: Trident           |   116 |    34 ||   150
Throw: Throwing net      |     1 |     2 ||     3
 Stab: Sleeping          |     4 |       ||     4
       Held in net/web   |       |     2 ||     2
  Eat: Chunk             |     2 |       ||     2
Armor: Leather armour    |    24 |     2 ||    26
Dodge: Dodged            |    51 |    15 ||    66
